 Dungeon Crawl Stone Soup version 0.16.1-12-gf5c4a84 (webtiles) character file.

68 KarvaRausku the Skirmisher (level 4, 0/41 HPs)
             Began as a Hill Orc Fighter on Apr 10, 2015.
             Slain by a gnoll
             ... wielding a +2 spear of chaos
              (2 damage)
             ... on level 2 of the Dungeon.
             The game lasted 00:02:08 (1306 turns).

KarvaRausku the Skirmisher (Hill Orc Fighter)       Turns: 1306, Time: 00:02:08

Health: 0/41       AC:  6    Str: 19    XL:     4   Next: 19%
Magic:  4/4        EV:  7    Int:  8    God:
Gold:   59         SH:  8    Dex: 10    Spells: 0 memorised, 3 levels left

rFire  . . .     SeeInvis .     a - +0 flail
rCold  . . .     Clarity  .     b - +0 scale mail
rNeg   . . .     SustAb   .     c - +0 shield
rPois  .         Gourm    .     (no helmet)
rElec  .         Spirit   .     (no cloak)
rCorr  .         Warding  .     (no gloves)
rMut   .         Stasis   .     (no boots)
MR     .....                    (no amulet)
Stlth  ..........               (no ring)
                                (no ring)

@: lethally poisoned (0 -> -8), drained, not resistant to hostile enchantments,
extremely unstealthy
A: no striking features
a: no special abilities


You were on level 2 of the Dungeon.
You were hungry.

You visited 1 branch of the dungeon, and saw 2 of its levels.

You collected 59 gold pieces.

Inventory:

Hand weapons
 a - a +0 flail (weapon)
Armour
 b - a +0 scale mail (worn)
 c - a +0 shield (worn)
Magical devices
 o - a wand of frost (28)
Scrolls
 f - a scroll of random uselessness {unknown}
 j - a scroll of fear {unknown}
 k - a scroll of identify {unknown}
 n - a scroll of remove curse {unknown}
 p - a scroll of blinking {unknown}
 t - a scroll of immolation {unknown}
Potions
 e - a potion of might
 g - a potion of lignification {unknown}
 h - a potion of magic {unknown}
 l - a potion of mutation {unknown}
 m - a potion of agility {unknown}
 q - a potion of restore abilities {unknown}
 s - a potion of curing {unknown}
Comestibles
 d - a meat ration
 i - 2 beef jerkies
 r - a bread ration


   Skills:
 + Level 4.6(4.1) Fighting
 * Level 4.0(3.5) Maces & Flails
 - Level 3.2(2.8) Armour
 - Level 3.2(2.8) Shields


You had 3 spell levels left.
You didn't know any spells.

Dungeon Overview and Level Annotations

Branches:
Dungeon (2/15)

Altars:
Dithmenos


Message History

The gnoll is almost dead.
You feel sick. You block the gnoll's attack.
The gnoll hits you from afar with a spear of chaos.
You are more poisoned.
You block the gnoll's attack.
You barely miss the gnoll.
The gnoll is almost dead.
You feel sick. The gnoll hits you but does no damage.
You block the gnoll's attack. x2
You closely miss the gnoll.
The gnoll is almost dead.
You feel sick. The gnoll hits you but does no damage.
You are electrocuted!
* * * LOW HITPOINT WARNING * * *
You block the gnoll's attack.
You hit the gnoll but do no damage.
The gnoll is almost dead.
* * * LOW HITPOINT WARNING * * *
You feel sick. You block the gnoll's attack.
The gnoll hits you from afar with a spear of chaos.
You die...

.....# ## ### ######
.##.# ... . .... # ..≈.
..# ... #.#.# ### ..#
#.# ... #.#.# #####
#.^≈#≈. #.# #.# #.#.#
....# #.≈...≈ #.# #.#
#.#.# ##### #≈#.####.#
#.# #.#.# ##
#gg.#.####.# #.#.# .#
#..##@.......####.#.##
.#
###≈§######....>......#
.#
#.....#........######..#
.# ≈#≈.########..# #..#
.# ≈ .#≈. #.......# #..#
.# ≈#≈## #.####..# #..#
.### .# #.# #..# #..#
..... #.# #..# #..# ##
##.## #..# #..#


You could see 2 gnolls.

Vanquished Creatures
  4 adders (D:2)
  A ball python (D:2)
  2 bats (D:1)
  A giant cockroach (D:1)
  3 goblins
  4 hobgoblins
  3 jackals (D:2)
  3 kobolds (D:1)
  3 giant geckos
  2 giant newts (D:2)
  6 rats
32 creatures vanquished.

Notes
Turn   | Place    | Note
--------------------------------------------------------------
     0 | D:1      | KarvaRausku, the Hill Orc Fighter, began the quest for the Orb.
     0 | D:1      | Reached XP level 1. HP: 19/19 MP: 1/1
    88 | D:1      | Reached XP level 2. HP: 24/27 MP: 2/2
   540 | D:2      | Reached skill level 4 in Fighting
   679 | D:2      | Found a shadowy altar of Dithmenos.
   683 | D:2      | Reached XP level 3. HP: 23/33 MP: 3/3
  1082 | D:2      | Reached XP level 4. HP: 25/41 MP: 4/4
  1296 | D:2      | Paralysed by a gnoll for 2 turns
  1306 | D:2      | HP: 2/41 [poisoned by a gnoll]
  1306 | D:2      | Slain by a gnoll

Action                   |  1- 3 |  4- 6 || total
-------------------------+-------+-------++-------
Melee: Flail             |   112 |    23 ||   135
  Eat: Chunk             |     1 |       ||     1
